 Dungeon Crawl Stone Soup version 0.19.1-1-g22dce08 (webtiles) character file.

135 Rrauwl the Cudgeler (level 4, 0/45 HPs)
             Began as a Troll Berserker on Jan 12, 2017.
             Was a Believer of Trog.
             Slain by an orc wizard
             ... wielding a +0 dagger
              (4 damage)
             ... on level 3 of the Dungeon.
             The game lasted 00:10:08 (1559 turns).

Rrauwl the Cudgeler (Troll Berserker)               Turns: 1559, Time: 00:10:09

Health: 0/45       AC:  5    Str: 30    XL:     4   Next: 97%
Magic:  3/3        EV: 16    Int:  3    God:    Trog [**....]
Gold:   140        SH:  0    Dex: 15    Spells: 0 memorised, 3 levels left

rFire  . . .     SeeInvis .     a - +0 mace
rCold  . . .     Gourm    +     b - +0 animal skin
rNeg   . . .     Faith    .     (no shield)
rPois  .         Spirit   .     (helmet restricted)
rElec  .         Reflect  .     (no cloak)
rCorr  .         Harm     .     (gloves unavailable)
MR     ++...                    (boots unavailable)
Stlth  ++........               (no amulet)
                                (no ring)
                                (no ring)

@: mighty, agile, exhausted, regenerating
A: unfitting armour, claws 3, fast metabolism 3, gourmand, regeneration 1,
shaggy fur 1, tough skin 2
a: Berserk, Trog's Hand, Burn Spellbooks, Renounce Religion


You were on level 3 of the Dungeon.
You worshipped Trog.
Trog was pleased with you.
You were very full.

You visited 1 branch of the dungeon, and saw 3 of its levels.

You collected 140 gold pieces.

Inventory:

Hand Weapons
 a - a +0 mace (weapon)
Missiles
 g - 30 bolts
 i - 5 tomahawks (quivered)
Armour
 b - a +0 animal skin (worn)
Scrolls
 d - 2 scrolls of remove curse {unknown}
 e - a scroll of fear {unknown}
 f - a scroll of identify {unknown}
 j - a scroll of fog {unknown}
 k - 3 scrolls of teleportation {unknown}
 p - a scroll of random uselessness {unknown}
 r - a scroll of amnesia {unknown}
 t - a scroll of noise {unknown}
Potions
 n - a potion of magic
Comestibles
 c - 4 bread rations
 h - 2 royal jellies
 m - 3 beef jerkies
 o - 7 chunks of flesh
 s - a meat ration


   Skills:
 + Level 3.2 Fighting
 + Level 3.3 Maces & Flails
 + Level 1.9 Throwing
 + Level 3.2 Dodging


You had 3 spell levels left.
You didn't know any spells.

Dungeon Overview and Level Annotations

Branches:
Dungeon (3/15)

Altars:
Gozag
Okawaru
The Shining One


Innate Abilities, Weirdness & Mutations

You are too large for most types of armour.
You have claws for hands.
Your metabolism is lightning-fast.
You like to eat raw meat.
Your natural rate of healing is unusually fast.
You are covered in fur. (AC +1)
You have very tough skin. (AC +2)


Message History

You bump into the rock wall.
You feel less confused.
The worker ant bites you but does no damage.
You hear some strange, mumbled words.
A magic dart appears from out of thin air!
The magic dart hits you!
* * * LOW HITPOINT WARNING * * *
The worker ant misses you. Something hits you.
* * * LOW HITPOINT WARNING * * *
Your skin crawls.
You feel resistant to hostile enchantments.
You feel somewhat less full.
You feel yourself speed up. The worker ant bites you.
* * * LOW HITPOINT WARNING * * *
Something hits you but does no damage. The worker ant closely misses you.
You thump the worker ant!
The worker ant is severely wounded.
The worker ant barely misses you. Something hits you.
You die...

##.#.######.#.#.# #.
................####.
#......###........รท.
#......# #.#.#####.<
.......###.#.# #..
#..#.....#.# #..
#g.......#.# #..
#a{..###.#.# #..
#@(..# #.#.# ##.
###((# #.#.# #.
##((...# ## ##......#
# ..##.## # ...# #
.#># .... ...##


You could see a worker ant and a hobgoblin.

Vanquished Creatures
  An orc priest (D:3)
  Robin (D:2)
  2 adders (D:2)
  3 worms
  3 dart slugs (D:2)
  A leopard gecko (D:2)
  3 orcs (D:3)
  A ball python (D:3)
  A giant cockroach (D:1)
  10 goblins
  9 hobgoblins
  8 kobolds
  2 quokkas (D:3)
  5 bats
  4 frilled lizards (D:1)
  7 rats
61 creatures vanquished.

Vanquished Creatures (others)
  An orc (D:3)
1 creature vanquished.

Grand Total: 62 creatures vanquished

Notes
Turn   | Place    | Note
-------+----------+-------------------------------------------
     0 | D:1      | Rrauwl the Troll Berserker began the quest for the Orb.
     0 | D:1      | Reached XP level 1. HP: 22/22 MP: 0/0
   150 | D:1      | Reached XP level 2. HP: 24/29 MP: 1/1
   798 | D:2      | Reached XP level 3. HP: 30/36 MP: 2/2
   806 | D:2      | Reached skill level 1 in Throwing
   837 | D:2      | Noticed Robin
   848 | D:2      | Reached ** piety under Trog
   851 | D:2      | Killed Robin
   953 | D:2      | Reached XP level 4. HP: 39/44 MP: 3/3
  1331 | D:3      | Found an iron altar of Okawaru.
  1378 | D:3      | Found a glowing golden altar of the Shining One.
  1521 | D:3      | Found an opulent altar of Gozag.
  1551 | D:3      | HP: 2/45 [something (1)]
  1557 | D:3      | HP: 1/45 [something (2)]
  1559 | D:3      | Slain by an orc wizard

Skill      XL: |  1  2  3  4 |
---------------+-------------+-----
Maces & Flails | 3 |  3.3
Throwing       | 1 |  1.9
Dodging        | 3 |  3.2
Fighting       | 3 |  3.2

Action                   |  1- 3 |  4- 6 || total
-------------------------+-------+-------++-------
Melee: Mace              |   128 |    51 ||   179
Invok: Berserk           |     1 |     1 ||     2
       Trog's Hand       |     1 |     1 ||     2
  Use: Potion            |       |     3 ||     3
 Stab: Sleeping          |       |     1 ||     1
  Eat: Chunk             |    16 |     5 ||    21
Armor: Animal skin       |    47 |    24 ||    71
Dodge: Dodged            |    72 |    44 ||   116
